[Event "*** SCC Grand Prix: Titled Tuesday Blitz"]
[Site "Chess.com"]
[Date "2020.10.06"]
[Round "2"]
[White "glebus008"]
[Black "alejanchess73"]
[Result "0-1"]
[WhiteElo "2241"]
[BlackElo "2437"]
[TimeControl "180+1"]
[EndTime "10:16:50 PDT"]
[Termination "alejanchess73 won by checkmate"]

1. e4 e6 2. d4 d5 3. e5 c5 4. c3 Nc6 5. Nf3 Qb6 6. a3 cxd4 7. cxd4 Nh6 8. b4 Nf5 9. Bb2 Be7 10. g4 Nh4 11.
Nxh4 Bxh4 12. Bd3 Bd7 13. Nc3 Nxe5 14. O-O Nxd3 15. Qxd3 O-O 16. Kh1 Rac8 17. f4 Rc4 18.
Ne2 Be7 19. f5 exf5 20. gxf5 Bf6 21. Rg1 Re8 22. Ng3 g6 23. Nh5 Bh8 24. fxg6 hxg6 25. Rxg6+ fxg6 26. Rg1 Kh7 27. Qg3 Rc2 28. Qh4 Kg8 29.
Nf6+ Qxf6 30. Rxg6+ Qxg6 31. Qxh8+ Kxh8 32. Bc3 Qg2# 0-1

[Event "*** SCC Grand Prix: Titled Tuesday Blitz"]
[Site "Chess.com"]
[Date "2020.10.06"]
[Round "2"]
[White "IANOV0007"]
[Black "AndreyNeves"]
[Result "1-0"]
[WhiteElo "2427"]
[BlackElo "2217"]
[TimeControl "180+1"]
[EndTime "10:16:50 PDT"]
[Termination "IANOV0007 won by resignation"]

1. Nf3 d5 2. g3 Nf6 3. Bg2 g6 4. b3 Bg7 5. Bb2 O-O 6. c4 c6 7. O-O Nbd7 8. d3 Re8 9. Nbd2 e5 10.
cxd5 cxd5 11. e4 dxe4 12. Nxe4 Nxe4 13. dxe4 Qb6 14. Qe2 Nc5 15. Rfd1 Bg4 16. h3 Bxf3 17. Bxf3 Ne6 18. Rd5 Nd4 19. Bxd4 exd4 20. Qd3 Rac8 21. Rd1 Rc3 22. Qe2 Qc7 23. Kg2 Rc2 24. Rd2 Rxd2 25. Qxd2 Qc3 26. Qd1 h5 27. Rd7 b5 28. h4 a5 29. Qe2 b4 30. Qb5 Re5 31. Qb8+ Kh7 32. Rxf7 d3 33. Qb7 Rc5 34. Rd7 d2 35. Qb8 Rc8 36.
Qd6 a4 37. e5 d1=Q 38. Bxd1 axb3 39. Bxb3 Qc6+ 40. Qxc6 Rxc6 41. e6 Kh6 42. e7 Rc8 43.
Bf7 Bd4 44. e8=Q Rc2 45. Rxd4 1-0

[Event "*** SCC Grand Prix: Titled Tuesday Blitz"]
[Site "Chess.com"]
[Date "2020.10.06"]
[Round "2"]
[White "JoliyRoger"]
[Black "XDPS"]
[Result "0-1"]
[WhiteElo "2456"]
[BlackElo "2798"]
[TimeControl "180+1"]
[EndTime "10:16:51 PDT"]
[Termination "XDPS won by resignation"]

1. Nf3 d5 2. c4 c6 3. e3 Nf6 4. b3 e6 5. Bb2 Bd6 6. d4 O-O 7. Nbd2 b6 8. Bd3 Bb7 9. Qc2 Nbd7 10.
O-O Re8 11. Ne5 Qc7 12. f4 c5 13. Rae1 Rac8 14. Kh1 a6 15. Re2 dxc4 16. bxc4 Nf8 17. Ndf3 h6 18. f5 exf5 19. Bxf5 Rcd8 20. d5 b5 21. e4 Bxe5 22. Nxe5 Rxe5 23. cxb5 axb5 24. Bxe5 Qxe5 25. Qxc5 g6 26. Bh3 Nxe4 27. Qxb5 Bxd5 28. a4 Qd4 29. Qa5 Ra8 30. Qc7 Rxa4 31. Rfe1 Nf2+ 0-1

[Event "*** SCC Grand Prix: Titled Tuesday Blitz"]
[Site "Chess.com"]
[Date "2020.10.06"]
[Round "2"]
[White "LubovMarkelova"]
[Black "guillembaches"]
[Result "1-0"]
[WhiteElo "2224"]
[BlackElo "2404"]
[TimeControl "180+1"]
[EndTime "10:16:53 PDT"]
[Termination "LubovMarkelova won by checkmate"]

1. Nf3 d5 2. d4 Nc6 3. e3 Bg4 4. Bb5 e6 5. c4 Bb4+ 6. Bd2 Bxd2+ 7.
Nbxd2 Ne7 8. h3 Bh5 9. O-O O-O 10. Rc1 a6 11. Ba4 dxc4 12. Bxc6 Nxc6 13. Nxc4 Qd5 14. g4 Bg6 15. Nce5 Nxe5 16. Nxe5 Qxa2 17.
Nxg6 hxg6 18. Rxc7 Qxb2 19. Qf3 Rab8 20. h4 a5 21. Kg2 a4 22. h5 a3 23. Rh1 a2 24.
Rcc1 Rbc8 25. hxg6 fxg6 26. Rxc8 Rxc8 27. Qh3 a1=Q 28.
Qh8+ Kf7 29. Qxc8 Qaa2 30. Qc7+ Kf6 31. g5+ Kxg5 32. Qf4# 1-0

[Event "*** SCC Grand Prix: Titled Tuesday Blitz"]
[Site "Chess.com"]
[Date "2020.10.06"]
[Round "2"]
[White "underthebridge1999"]
[Black "LogoCzar"]
[Result "1-0"]
[WhiteElo "2264"]
[BlackElo "2424"]
[TimeControl "180+1"]
[EndTime "10:16:54 PDT"]
[Termination "underthebridge1999 won by resignation"]

1. e4 e5 2. Nf3 Nc6 3. Bc4 Nf6 4. d3 Bc5 5. c3 a6 6. Bb3 d6 7. Nbd2 Ba7 8. O-O O-O 9. h3 Kh8 10. Re1 Nh5 11. Nf1 f5 12. Bg5 Qe8 13. d4 fxe4 14.
Rxe4 Bf5 15. Re2 e4 16. Nh4 h6 17. Bc1 Ne7 18. Nxf5 Nxf5 19. Bd5 Nf6 20. Bxb7 Rb8 21. Bxa6 Qg6 22. Be3 Nh4 23. Ng3 Nh5 24. Kh2 Nf4 25. Bxf4 Rxf4 26. Qd2 Rbf8 27. Bb7 d5 28. Bxd5 c6 29.
Bxe4 Qg5 30. Rae1 Bb8 31. Kg1 Nxg2 32. Bxg2 Qh4 33. Re8 Kh7 34. Qd3+ Kg8 35. Bxc6 Qxh3 36. Rxf8+ Rxf8 37. Re8 Rxe8 38. Bxe8 Qe6 39. Bb5 Qe1+ 40. Kg2 1-0

[Event "*** SCC Grand Prix: Titled Tuesday Blitz"]
[Site "Chess.com"]
[Date "2020.10.06"]
[Round "2"]
[White "Artyom_ChessMate"]
[Black "AlexOstrovskiy"]
[Result "1/2-1/2"]
[WhiteElo "2517"]
[BlackElo "2750"]
[TimeControl "180+1"]
[EndTime "10:16:55 PDT"]
[Termination "Game drawn by repetition"]

1. e4 c6 2. d4 d5 3. exd5 cxd5 4. Bd3 Nc6 5. c3 Qc7 6. Ne2 Bg4 7. O-O e6 8. Qe1 g6 9. f3 Bf5 10. Bxf5 gxf5 11.
Bf4 Bd6 12. Qg3 O-O-O 13. Bxd6 Qxd6 14. Qxd6 Rxd6 15. Nf4 Nge7 16. Nd3 Rdd8 17. Nd2 h5 18. Rae1 h4 19. h3 Kc7 20. Re2 Rdg8 21. Rfe1 Rg7 22. Nf4 Ng8 23. Rxe6 Rxg2+ 24. Kxg2 fxe6 25. Nxe6+ Kd6 26. Nf4 Rh6 27. Nb3 Nge7 28. Nc5 Nd8 29. Re5 b6 30. Ncd3 a5 31. b4 Ndc6 32. Re2 axb4 33. Nxb4 Nxb4 34.
cxb4 Nc6 35. a3 Nxd4 36. Rd2 Ke5 37. Nd3+ Kd6 38. Nf4 Ke5 39. Nd3+ Kd6 40. Nf4 1/2-1/2

[Event "*** SCC Grand Prix: Titled Tuesday Blitz"]
[Site "Chess.com"]
[Date "2020.10.06"]
[Round "2"]
[White "narutosmith"]
[Black "AnonymusDonkey"]
[Result "0-1"]
[WhiteElo "2208"]
[BlackElo "2416"]
[TimeControl "180+1"]
[EndTime "10:16:55 PDT"]
[Termination "AnonymusDonkey won on time"]

1. c4 e5 2. Nc3 d6 3. Nf3 f5 4. d4 e4 5. Nd2 Nf6 6. Ndb1 h6 7. e3 Be7 8. Be2 c6 9. O-O O-O 10. b3 d5 11. Ba3 Be6 12. Bxe7 Qxe7 13. Na4 Nbd7 14.
Qc2 g5 15. a3 f4 16. Bd1 Bf5 17. b4 Qe6 18. Nc5 Nxc5 19. bxc5 f3 20. Nc3 fxg2 21. Re1 Bg4 22. cxd5 cxd5 23. Qb3 Bxd1 24. Raxd1 Rad8 25. Qxb7 Qh3 26. Nxd5 Nxd5 27. c6 Nf6 28. Qb3+ Kh8 29.
f3 exf3 30. c7 f2+ 31. Kxf2 Ng4+ 32. Ke2 Qf3+ 33. Kd3 Nf2+ 34. Kc3 Nxd1+ 0-1

[Event "*** SCC Grand Prix: Titled Tuesday Blitz"]
[Site "Chess.com"]
[Date "2020.10.06"]
[Round "2"]
[White "beto-betun"]
[Black "Thee-Chessboy"]
[Result "0-1"]
[WhiteElo "2148"]
[BlackElo "2406"]
[TimeControl "180+1"]
[EndTime "10:16:55 PDT"]
[Termination "Thee-Chessboy won by resignation"]

1. d4 Nf6 2. Nf3 g6 3. g3 Bg7 4.
Bg2 O-O 5. O-O d6 6. c4 Nc6 7.
Nc3 Bg4 8. h3 Bxf3 9. Bxf3 Nd7 10.
e3 e5 11. d5 Ne7 12. e4 f5 13. exf5 gxf5 14. Bg5 Bf6 15. Bxf6 Rxf6 16. Qd2 a5 17. Rad1 Kh8 18. a3 a4 19. Bg2 f4 20. Ne4 Rf8 21.
Ng5 Nc5 22. Qc2 Nf5 23. Ne4 Nd4 24.
Rxd4 exd4 25. h4 h6 26. Qd2 Nxe4 27. Bxe4 Qf6 28. Rd1 Rae8 29. Qxd4 fxg3 30. fxg3 Qxd4+ 31. Rxd4 b6 32. Bg2 Re3 33. Rg4 Rg8 34. Rxg8+ Kxg8 35. Kf2 Rb3 36. Bh3 Kg7 37. Bd7 Rxb2+ 38. Kf3 Rb3+ 39. Kf4 Rxa3 40. g4 Ra1 41. g5 hxg5+ 42. hxg5 a3 43. Ke3 a2 44. Kd2 Rg1 0-1

[Event "*** SCC Grand Prix: Titled Tuesday Blitz"]
[Site "Chess.com"]
[Date "2020.10.06"]
[Round "2"]
[White "Kildepiotr"]
[Black "FairChess_on_YouTube"]
[Result "0-1"]
[WhiteElo "2597"]
[BlackElo "2976"]
[TimeControl "180+1"]
[EndTime "10:16:57 PDT"]
[Termination "FairChess_on_YouTube won by resignation"]

1. Nf3 Nf6 2. g3 b6 3. Bg2 Bb7 4. O-O g6 5. c4 Bg7 6. Nc3 O-O 7.
d3 c5 8. e4 d6 9. Ne1 Nc6 10. f4 Nd7 11. Nc2 a6 12. Kh1 b5 13.
cxb5 axb5 14. Nxb5 Ba6 15. Nc3 Qa5 16. e5 Nb4 17.
exd6 exd6 18. Nxb4 cxb4 19. Nd5 Nc5 20. Rf3 Bb7 21.
Re3 b3 22. d4 Qxa2 23. Rxa2 bxa2 24. dxc5 Bxd5 25. Bxd5 a1=Q 26. cxd6 Rac8 27. Re1 Rfd8 28. b4 Qc3 29. Bd2 Qd4 30. Be3 Qxb4 31. Qb3 Qxe1+ 0-1

[Event "*** SCC Grand Prix: Titled Tuesday Blitz"]
[Site "Chess.com"]
[Date "2020.10.06"]
[Round "2"]
[White "aisha_zakirova"]
[Black "Eliwood44"]
[Result "0-1"]
[WhiteElo "2192"]
[BlackElo "2409"]
[TimeControl "180+1"]
[EndTime "10:16:59 PDT"]
[Termination "Eliwood44 won by resignation"]

1. d4 Nf6 2. c4 e6 3. Nf3 b6 4. g3 Ba6 5. Qc2 Bb4+ 6. Bd2 Bxd2+ 7. Nbxd2 O-O 8. Bg2 d5 9. O-O c6 10. Ne5 Nfd7 11. Nxd7 Nxd7 12. Rfe1 Rc8 13. Qa4 Bxc4 14. Nxc4 b5 15. Qxa7 bxc4 16. Qa3 Qb6 17. Qc3 Rb8 18. Rab1 f5 19. Kh1 c5 20. e3 Nf6 21. b3 Kh8 22.
bxc4 Qxb1 23. Rxb1 Rxb1+ 24. Bf1 Rxf1+ 25. Kg2 Rxf2+ 26. Kg1 cxd4 27. Qxd4 Rxa2 28. c5 Rb8 29. Qd1 Rab2 30. c6 Rb1 31. Qxb1 Rxb1+ 32. Kg2 Rc1 33. c7 Rxc7 34. Kh3 Rc2 0-1

[Event "*** SCC Grand Prix: Titled Tuesday Blitz"]
[Site "Chess.com"]
[Date "2020.10.06"]
[Round "2"]
[White "kot60"]
[Black "tsvet2005"]
[Result "1-0"]
[WhiteElo "2431"]
[BlackElo "2673"]
[TimeControl "180+1"]
[EndTime "10:17:00 PDT"]
[Termination "kot60 won by resignation"]

1. e4 c5 2. Nc3 d6 3. Bc4 Nf6 4.
d3 a6 5. a4 e6 6. Nge2 Be7 7.
O-O Nbd7 8. h3 O-O 9. Bb3 b6 10. Bg5 Bb7 11. f4 h6 12. Bh4 Nxe4 13. dxe4 Bxh4 14. Qxd6 Be7 15. Qd3 Qc7 16. f5 c4 17.
Bxc4 Ne5 18. Qg3 Qc5+ 19. Kh1 Nxc4 20. f6 Bxf6 21. Rxf6 Nxb2 22. Rxh6 Rad8 23. Nf4 Nc4 24. Nh5 Qe5 25. Nf6+ Qxf6 26. Rxf6 Nd2 27. Rf4 Rd4 28. Re1 Rfd8 29. Rg4 g6 30. h4 Kg7 31. Kg1 Nc4 32. e5 Rxg4 33. Qxg4 b5 34. Ne4 Bxe4 35. Rxe4 Nd2 36.
Rd4 1-0

[Event "*** SCC Grand Prix: Titled Tuesday Blitz"]
[Site "Chess.com"]
[Date "2020.10.06"]
[Round "2"]
[White "kakakz"]
[Black "MasterMK73"]
[Result "1/2-1/2"]
[WhiteElo "2406"]
[BlackElo "2214"]
[TimeControl "180+1"]
[EndTime "10:17:02 PDT"]
[Termination "Game drawn by stalemate"]

1. d4 d5 2. c4 e6 3. Nf3 c6 4. Nc3 dxc4 5. a4 Bb4 6. Ne5 b5 7. e3 Nf6 8. axb5 cxb5 9. Qf3 Qd5 10. Qg3 O-O 11. Bd2 Bxc3 12. bxc3 Bb7 13. f3 Qd8 14. e4 Nbd7 15. Bh6 Nh5 16. Qh3 Nxe5 17.
dxe5 gxh6 18. Qxh5 Qg5 19. Qxg5+ hxg5 20. h4 g4 21. Ra5 a6 22. Be2 Rfc8 23. Kf2 Rc5 24. Ke3 Rxe5 25. Rd1 Rc5 26. Rd7 Rb8 27. Kd4 Rcc8 28.
fxg4 Rd8 29. Rxd8+ Rxd8+ 30. Ke3 e5 31. g5 Kg7 32. h5 h6 33. gxh6+ Kxh6 34. Ra1 Rg8 35. g4 f6 36. Rd1 Bc8 37. Rd6 Bxg4 38. Rxf6+ Kxh5 39. Rxa6 Bxe2 40. Kxe2 Rg3 41. Re6 Rxc3 42. Rxe5+ Kg4 43.
Rxb5 Kf4 44. e5 Re3+ 45. Kd2 Rxe5 46. Rxe5 Kxe5 47. Kc3 Kd5 48. Kc2 Kc5 49. Kc3 Kb5 50.
Kc2 Kb4 51. Kb2 c3+ 52. Kc2 Kc4 53. Kc1 Kd3 54. Kd1 c2+ 55. Kc1 Kc3 1/2-1/2

[Event "*** SCC Grand Prix: Titled Tuesday Blitz"]
[Site "Chess.com"]
[Date "2020.10.06"]
[Round "2"]
[White "Shuvalov"]
[Black "Morshynska"]
[Result "1-0"]
[WhiteElo "2412"]
[BlackElo "2196"]
[TimeControl "180+1"]
[EndTime "10:17:02 PDT"]
[Termination "Shuvalov won on time"]

1. Nf3 d5 2. c4 c6 3. g3 Nf6 4. Bg2 Bg4 5. Ne5 Bc8 6. cxd5 cxd5 7. d4 e6 8. O-O Be7 9. Nc3 O-O 10. Bf4 Nbd7 11.
Rc1 Nh5 12. Nb5 Nxf4 13. gxf4 Nf6 14. e3 a6 15. Nc3 Bd7 16. Qb3 b5 17. f5 b4 18.
fxe6 fxe6 19. Na4 Bb5 20. Rfe1 Nd7 21. Nc6 Qe8 22. Nxe7+ Qxe7 23. Nc5 Nxc5 24. Rxc5 Qh4 25. Qc2 Rae8 26. Rc1 h6 27. Qd2 Rf6 28. f4 Rg6 29. Rc8 Rxc8 30. Rxc8+ Kh7 31. Qf2 Qg4 32. Rc1 Bd3 33. Kh1 Be4 34. Bxe4 dxe4 35. Rg1 1-0

[Event "*** SCC Grand Prix: Titled Tuesday Blitz"]
[Site "Chess.com"]
[Date "2020.10.06"]
[Round "2"]
[White "Gabrielian_Artur"]
[Black "SamuelGhimpu2003"]
[Result "1-0"]
[WhiteElo "2748"]
[BlackElo "2501"]
[TimeControl "180+1"]
[EndTime "10:17:03 PDT"]
[Termination "Gabrielian_Artur won by resignation"]

1. e4 e6 2. d4 d5 3. e5 c5 4. c3 Qb6 5. Nf3 Bd7 6. Be2 Nc6 7. a3 c4 8. Nbd2 Na5 9. Qc2 h6 10. Rb1 Ne7 11. O-O Qc7 12. b3 cxb3 13. Nxb3 Ba4 14. Nfd2 Rc8 15. Qd3 Ng6 16. Nxa5 Qxa5 17. Rxb7 Nf4 18. Qf3 Nxe2+ 19. Qxe2 Be7 20. Qg4 g6 21.
Nf3 Bc6 22. Rxe7+ Kxe7 23. Bxh6 Bb5 24. Rb1 Qxc3 25. h4 Bd3 26. Rb7+ Rc7 27. Rxc7+ Qxc7 28. Qf4 Rg8 29. Bg5+ Ke8 30. Qf6 Bf5 31. Kh2 a5 32. Ng1 Rf8 33. Ne2 Kd7 34. Qe7+ 1-0

[Event "*** SCC Grand Prix: Titled Tuesday Blitz"]
[Site "Chess.com"]
[Date "2020.10.06"]
[Round "2"]
[White "PauloCesarCosta_sad"]
[Black "WildTricks"]
[Result "1-0"]
[WhiteElo "2287"]
[BlackElo "2448"]
[TimeControl "180+1"]
[EndTime "10:17:04 PDT"]
[Termination "PauloCesarCosta_sad won by checkmate"]

1. Nf3 b6 2. g3 Bb7 3. Bg2 c5 4. c4 Nf6 5. O-O g6 6. Nc3 Bh6 7. d4 Bxc1 8. Rxc1 cxd4 9. Qxd4 Nc6 10. Qf4 Qb8 11. Qh6 d6 12. Rfd1 a6 13. Nd5 Nxd5 14. cxd5 Nb4 15. Qg7 Rf8 16. Ng5 Kd7 17. a3 Nxd5 18.
Bxd5 Bxd5 19. Rxd5 Qe8 20. e4 f6 21. Nxh7 Rf7 22.
Qxg6 Qg8 23. Qf5+ e6 24. Rxd6+ Kxd6 25. Qf4+ e5 26. Qd2+ Ke6 27. Qd5+ Ke7 28. Rc7+ Ke8 29. Qxa8# 1-0

[Event "*** SCC Grand Prix: Titled Tuesday Blitz"]
[Site "Chess.com"]
[Date "2020.10.06"]
[Round "2"]
[White "StellarChessPro"]
[Black "dominikaf"]
[Result "1-0"]
[WhiteElo "2473"]
[BlackElo "2277"]
[TimeControl "180+1"]
[EndTime "10:17:06 PDT"]
[Termination "StellarChessPro won on time"]

1. d4 Nf6 2. Bg5 g6 3. Bxf6 exf6 4. e3 Bg7 5. Ne2 O-O 6. h4 f5 7. Nf4 d5 8. c4 c6 9. Nc3 dxc4 10. Bxc4 Nd7 11.
h5 g5 12. h6 Bh8 13. Ne6 Qe7 14. Nxf8 Nxf8 15. Qe2 b5 16. Bb3 a5 17. a3 Ba6 18.
Qd2 Rd8 19. O-O Rd6 20. Rfc1 Rxh6 21. Ne2 Ng6 22. Rxc6 Bb7 23. Rac1 Bxc6 24. Rxc6 Qd7 25. Qc3 Bg7 26. Rc7 Qd6 27. Bxf7+ Kh8 28. g3 Nf8 29. Qc5 Qf6 30. Be8 1-0

[Event "*** SCC Grand Prix: Titled Tuesday Blitz"]
[Site "Chess.com"]
[Date "2020.10.06"]
[Round "2"]
[White "SharapovEvgeny"]
[Black "norwaytoadog"]
[Result "1-0"]
[WhiteElo "2469"]
[BlackElo "2282"]
[TimeControl "180+1"]
[EndTime "10:17:06 PDT"]
[Termination "SharapovEvgeny won by resignation"]

1. c4 e5 2. Nc3 Nf6 3. g3 Nc6 4. Bg2 Bb4 5. Nd5 O-O 6. Nxb4 Nxb4 7. a3 Nc6 8. d3 d5 9. cxd5 Nxd5 10. Nf3 Bg4 11.
O-O Re8 12. h3 Bxf3 13. Bxf3 Nd4 14. Bg2 c6 15. e3 Ne6 16. b3 Qd6 17. Bb2 Rad8 18.
Qc2 Nf6 19. Rfd1 Nc5 20. d4 exd4 21. Rxd4 Qe7 22. Rad1 Rxd4 23. Rxd4 Nce4 24. g4 h6 25. b4 Qe6 26. Qc4 Nxf2 27. Qxe6 Nxh3+ 28. Bxh3 fxe6 29. Rd3 Nd5 30. Bg2 Nf6 31. Bxf6 gxf6 32. Rd7 Rb8 33. Be4 Kf8 34. Rh7 Kg8 35. Rxh6 Rf8 36. Rg6+ Kh8 37. Kg2 f5 38. gxf5 exf5 39. Bf3 Kh7 40. Rd6 Rf7 41. Kg3 Re7 42. Kf4 Rf7 43. Bh5 Re7 44. Bg6+ Kg7 45. Bxf5 1-0

[Event "*** SCC Grand Prix: Titled Tuesday Blitz"]
[Site "Chess.com"]
[Date "2020.10.06"]
[Round "2"]
[White "Kassimov_B"]
[Black "DonBroca"]
[Result "1-0"]
[WhiteElo "2410"]
[BlackElo "2194"]
[TimeControl "180+1"]
[EndTime "10:17:06 PDT"]
[Termination "Kassimov_B won by resignation"]

1. e4 c5 2. Nf3 d6 3. d4 cxd4 4. Nxd4 Nf6 5. Nc3 g6 6. f4 Nc6 7.
Bb5 Bd7 8. O-O Bg7 9. Bxc6 bxc6 10. e5 Nd5 11. Nxd5 cxd5 12. exd6 Qb6 13. c3 Qxd6 14. f5 O-O 15. Bf4 Qb6 16. Kh1 e5 17. fxe6 fxe6 18. Nb3 Rae8 19. Qd2 Bc6 20. Be3 Qb8 21. Bh6 Rxf1+ 22.
Rxf1 Rf8 23. Re1 Qc8 24. Bxg7 Kxg7 25. Qd4+ Kg8 26. Qxa7 Bb7 27. h3 Re8 28. Nc5 Bc6 29. Nd3 e5 30. Rxe5 Bb5 31. Rxe8+ Qxe8 32. Qd4 Qe1+ 33.
Nxe1 1-0

[Event "*** SCC Grand Prix: Titled Tuesday Blitz"]
[Site "Chess.com"]
[Date "2020.10.06"]
[Round "2"]
[White "Zhigalko_Sergei"]
[Black "Korchmar_Vasiliy"]
[Result "1-0"]
[WhiteElo "2920"]
[BlackElo "2580"]
[TimeControl "180+1"]
[EndTime "10:17:07 PDT"]
[Termination "Zhigalko_Sergei won on time"]

1. e4 c5 2. Nf3 d6 3. d4 cxd4 4.
Qxd4 Nc6 5. Bb5 a6 6. Bxc6+ bxc6 7. c4 e5 8. Qd3 Nf6 9. Nc3 Qc7 10. O-O Be7 11. Be3 Bg4 12. Nd2 O-O 13. c5 dxc5 14. Na4 Rfd8 15. Qc3 Be2 16. Rfc1 Rd3 17. Qc2 Ng4 18.
Bxc5 Rad8 19. Nb3 Bg5 20. Qxe2 Bxc1 21. Rxc1 Qd7 22. Rf1 Qe6 23. Bb6 R8d7 24. Nac5 Qh6 25. h3 1-0

[Event "*** SCC Grand Prix: Titled Tuesday Blitz"]
[Site "Chess.com"]
[Date "2020.10.06"]
[Round "2"]
[White "Miss_JJ20"]
[Black "Zemerovv"]
[Result "1-0"]
[WhiteElo "2466"]
[BlackElo "2279"]
[TimeControl "180+1"]
[EndTime "10:17:07 PDT"]
[Termination "Miss_JJ20 won by resignation"]

1. d4 g6 2. c4 Bg7 3. g3 d6 4.
Bg2 Nc6 5. e3 e5 6. d5 Nce7 7. Nc3 f5 8. Nge2 Nf6 9. O-O g5 10. f4 gxf4 11. exf4 e4 12. Be3 h5 13. Bd4 Ng6 14. Qc2 Kf7 15. Rad1 h4 16. b4 hxg3 17. hxg3 Ng4 18. Qd2 Qg8 19. Rfe1 Qh7 20. Kf1 Bd7 21. Bg1 Nh2+ 22. Bxh2 Qxh2 23. Nd4 Qxg3 24. Nce2 Qg4 25. Qe3 Rh2 26. Qg3 Qxg3 27. Nxg3 Rah8 28.
Ndxf5 Nxf4 29. Bxe4 Bc3 30. Re3 Bxb4 31. Rf3 Rh1+ 32.
Nxh1 Rxh1+ 33. Kf2 Rh2+ 34. Kg3 Rh3+ 35. Kxf4 Bd2+ 36.
Rxd2 Kf6 37. Rxh3 Bxf5 38. Bxf5 Kg7 39. Rg2+ Kf8 40. Rh7 c5 41. Be6 1-0

[Event "*** SCC Grand Prix: Titled Tuesday Blitz"]
[Site "Chess.com"]
[Date "2020.10.06"]
[Round "2"]
[White "grzechu96"]
[Black "ferdipy"]
[Result "1-0"]
[WhiteElo "2675"]
[BlackElo "2370"]
[TimeControl "180+1"]
[EndTime "10:17:09 PDT"]
[Termination "grzechu96 won by resignation"]

1. e4 e6 2. d4 d5 3. Nc3 Bb4 4. exd5 exd5 5. Bd3 c6 6. Ne2 Ne7 7. Ng3 Bd6 8. Nce2 Na6 9. c3 Nc7 10. Bf4 Ne6 11. Bxd6 Qxd6 12. Qd2 Bd7 13. f4 O-O-O 14. f5 Nc7 15. O-O-O h5 16. h4 f6 17. Nf4 Rde8 18.
Nfxh5 Kb8 19. Nf4 Nb5 20. Qf2 Qc7 21. Bxb5 cxb5 22. Nd3 Ka8 23. Kb1 b6 24. Rdf1 Nc6 25.
Qf4 Qb7 26. Re1 Qa6 27. Nb4 Nxb4 28. cxb4 Qa4 29. Qd6 Bc8 30. Rxe8 Rxe8 31. Qc6+ Bb7 32. Qxe8+ 1-0

[Event "*** SCC Grand Prix: Titled Tuesday Blitz"]
[Site "Chess.com"]
[Date "2020.10.06"]
[Round "2"]
[White "IsaacWiebe"]
[Black "DraG0s3L"]
[Result "1-0"]
[WhiteElo "2230"]
[BlackElo "2407"]
[TimeControl "180+1"]
[EndTime "10:17:09 PDT"]
[Termination "IsaacWiebe won by checkmate"]

1. e4 e6 2. d4 d5 3. Nc3 Bb4 4. e5 c5 5. a3 Bxc3+ 6. bxc3 Ne7 7. Qg4 Qc7 8. Bd3 c4 9. Be2 Nf5 10. Bd1 h5 11. Qg5 Nd7 12. Bxh5 Nxe5 13. dxe5 Qxe5+ 14. Ne2 g6 15. Bf3 Rxh2 16. Rxh2 Qxh2 17. g4 Ne7 18. Bf4 Qh3 19. Bg3 Bd7 20. Kd2 Qh8 21. Rh1 Qf8 22. Be5 O-O-O 23. Rh8 Ng8 24. Bg3 Qxa3 25. Qf4 e5 26. Qxe5 Qc5 27. Qb8# 1-0

[Event "*** SCC Grand Prix: Titled Tuesday Blitz"]
[Site "Chess.com"]
[Date "2020.10.06"]
[Round "2"]
[White "diablanni"]
[Black "Carnivoras"]
[Result "0-1"]
[WhiteElo "2385"]
[BlackElo "2675"]
[TimeControl "180+1"]
[EndTime "10:17:12 PDT"]
[Termination "Carnivoras won on time"]

1. e4 e6 2. d4 d5 3. Nc3 Nf6 4. e5 Nfd7 5. f4 c5 6. Nf3 Nc6 7. Be3 a6 8. Qd2 b5 9. dxc5 Bxc5 10. Bd3 Bb7 11. Bxc5 Nxc5 12. Qf2 d4 13. Ne2 Nxd3+ 14.
cxd3 Qa5+ 15. Kf1 O-O 16. h3 Rac8 17. Kg1 Qb4 18. Nexd4 Rfd8 19. a3 Qa4 20. b4 Nxd4 21. Nxd4 Rc3 22. Qd2 Rxa3 23. Rc1 Rxd4 0-1

[Event "*** SCC Grand Prix: Titled Tuesday Blitz"]
[Site "Chess.com"]
[Date "2020.10.06"]
[Round "2"]
[White "Aleksandar-Topalov"]
[Black "gagtemp"]
[Result "1/2-1/2"]
[WhiteElo "2366"]
[BlackElo "1954"]
[TimeControl "180+1"]
[EndTime "10:17:12 PDT"]
[Termination "Game drawn by repetition"]

1. b3 Nf6 2. Bb2 e6 3. Nf3 d5 4. e3 c5 5. d4 Nc6 6. Nbd2 cxd4 7. exd4 Bd6 8. Bd3 O-O 9. a3 a6 10. O-O Qc7 11. Qe2 b5 12. Ne5 Bb7 13. f4 Nd7 14. Rf3 f5 15. Nxd7 Qxd7 16. Re3 Rae8 17. g3 Rf6 18.
Re1 Rh6 19. Nf3 Bc8 20. Bxf5 Qf7 21. Bd3 Bxf4 22. gxf4 Qxf4 23. Ne5 Nxe5 24. Rxe5 Qh4 25. Rf1 Bd7 26. Kh1 Re7 27. Qg2 Be8 28. Rg5 Bg6 29. Bxg6 hxg6 30. Rg4 Qh5 31. Bc1 Rh7 32. Bg5 Rc7 33. Rf2 Rc3 34. h4 Rh8 35. Kg1 Kh7 36.
Kf1 Rhc8 37. Kg1 Rxc2 38. Rxc2 Rxc2 39. Qxc2 Qxg4+ 40. Kh2 Qxd4 41. Qe2 e5 42. h5 gxh5 43. Qxh5+ Kg8 44. Qg6 Qf2+ 45. Kh3 Qf3+ 46. Kh4 Qf2+ 47. Kg4 Qe2+ 48. Kh4 Qh2+ 49. Kg4 Qe2+ 50. Kg3 Qe1+ 51. Kg4 Qe2+ 1/2-1/2

[Event "*** SCC Grand Prix: Titled Tuesday Blitz"]
[Site "Chess.com"]
[Date "2020.10.06"]
[Round "2"]
[White "DariaVoit"]
[Black "Pultis"]
[Result "0-1"]
[WhiteElo "2499"]
[BlackElo "2740"]
[TimeControl "180+1"]
[EndTime "10:17:16 PDT"]
[Termination "Pultis won by resignation"]

1. f4 Nh6 2. e4 d5 3. exd5 Qxd5 4. Nc3 Qd8 5. Nf3 Nf5 6. d4 g6 7. Ne4 Bg7 8. c3 O-O 9. Bd3 b6 10. O-O Bb7 11. Qe2 Nd7 12. b4 c5 13. bxc5 bxc5 14. Rb1 Rb8 15. g4 Bxe4 16. Rxb8 Bxd3 17. Qxd3 Nxb8 18. gxf5 cxd4 19. fxg6 hxg6 20. cxd4 Nc6 21. Be3 Qd5 22. a3 Rb8 23. Kf2 Rb2+ 24. Kg3 e6 25.
Rc1 Ne7 26. Rc5 Nf5+ 27. Qxf5 Qxf5 28. Rxf5 gxf5 29. d5 Rb3 30. Bxa7 Rxa3 31. Bb6 exd5 32. Kf2 Ra4 33. Ke3 Re4+ 34. Kd3 Rxf4 35. Ke3 Re4+ 36. Kd3 Bf6 37. Be3 Kh7 38. Bf2 Kg6 39. Bg3 Kh5 40. Bd6 f4 41. Bc5 Rc4 42. Bb6 Rc3+ 43. Ke2 Kg4 0-1

[Event "*** SCC Grand Prix: Titled Tuesday Blitz"]
[Site "Chess.com"]
[Date "2020.10.06"]
[Round "2"]
[White "GMJustin"]
[Black "MPGM"]
[Result "0-1"]
[WhiteElo "2250"]
[BlackElo "2453"]
[TimeControl "180+1"]
[EndTime "10:17:16 PDT"]
[Termination "MPGM won on time"]

1. d4 d5 2. c4 e6 3. Nc3 c5 4. cxd5 exd5 5. Nf3 Nc6 6. g3 Nf6 7. Bg2 cxd4 8. Nxd4 Bc5 9. Nxc6 bxc6 10. O-O O-O 11. Qc2 Bb6 12. Na4 Re8 13. Nxb6 Qxb6 14. b3 Ba6 15. Re1 Re6 16. Ba3 Ne4 17. e3 Rae8 18.
Rac1 Rf6 19. Bc5 Qc7 20. Bd4 Rg6 21. f3 Ng5 22. e4 dxe4 23. fxe4 h5 24. e5 h4 25. Qf5 hxg3 26. hxg3 Bc8 27. Qf4 Ne6 28. Qf2 Nxd4 0-1

[Event "*** SCC Grand Prix: Titled Tuesday Blitz"]
[Site "Chess.com"]
[Date "2020.10.06"]
[Round "2"]
[White "banane_verte"]
[Black "Arfan48"]
[Result "1-0"]
[WhiteElo "2433"]
[BlackElo "2226"]
[TimeControl "180+1"]
[EndTime "10:17:16 PDT"]
[Termination "banane_verte won by resignation"]

1. e4 c6 2. d4 d5 3. Nc3 dxe4 4. Nxe4 Nf6 5. Nxf6+ exf6 6. g3 Bd6 7. Bg2 O-O 8. Ne2 Re8 9. Be3 Qb6 10. Rb1 Qa5+ 11. Qd2 Qxa2 12. O-O Qe6 13. d5 Qe7 14. c4 Bf5 15. Nd4 Bxb1 16. dxc6 Nxc6 17. Nxc6 bxc6 18. Rxb1 Red8 19. Qa5 Qb7 20. b4 a6 21. Qb6 Qxb6 22.
Bxb6 Rdc8 23. c5 Be5 24. Rb3 g6 25. Ra3 f5 26. Bf1 Re8 27. Rxa6 Rxa6 28. Bxa6 Bc3 29.
Ba5 Re1+ 30. Kg2 Bd4 31. Kf3 g5 32. h3 Kg7 33. Bb7 Rf1 34. Ke2 Rxf2+ 35. Kd3 Rf3+ 36. Kxd4 Rxg3 37. Bxc6 f4 38. Ke4 Re3+ 39. Kd4 Re7 40.
Bd8 Ra7 41. Bxg5 Kg6 42. Bxf4 f5 43. b5 Ra4+ 44. Ke5 Ra3 45. b6 Ra1 46. b7 Re1+ 47. Kd5 Rd1+ 48. Kc4 Rd8 49. b8=Q 1-0